[Event "ICC tourney 1954 (60 10)"]
[Site "Internet Chess Club"]
[Date "2020.08.07"]
[Round "2"]
[White "srirammarni"]
[Black "BearDBS"]
[Result "0-1"]
[ICCResult "White resigns"]
[WhiteElo "901"]
[BlackElo "1282"]
[Opening "Scandinavian: Pytel-Wade variation"]
[ECO "B01"]
[NIC "SD.02"]
[Time "15:30:13"]
[TimeControl "3600+10"]

1. e4 d5 2. exd5 Qxd5 3. Nc3 Qd6 4. d4 Nf6 5. Nf3 c6 6. Bd3 Bg4 7. Be2 e6 8.
Bg5 Be7 9. h3 Bxf3 10. Bxf3 h6 11. Bh4 O-O 12. Ne4 Nxe4 13. Bxe4 Bxh4 14.
Qd3 f5 15. Bf3 Bf6 16. O-O-O Qb4 17. c3 Qa5 18. Qc4 Re8 19. Bh5 Re7 20. Rhe1
b5 21. Qb3 Qa4 22. Qxa4 bxa4 23. c4 Nd7 24. d5 cxd5 25. cxd5 Rc8+ 26. Kb1
Rb8 27. dxe6 Rxb2+ 28. Kc1 Nf8 29. Bf7+ Kh7 30. Rd2 Rc7+ 31. Kd1 Rb1+ 32.
Ke2 Rxe1+ 33. Kxe1 Bc3 34. Ke2 Bxd2 35. Kxd2 Re7 36. Ke3 Nxe6 37. Bxe6 Rxe6+
38. Kf4 g6 39. g4 fxg4 40. hxg4 Re2 41. f3 Rxa2 {White resigns} 0-1

[Event "ICC tourney 1954 (60 10)"]
[Site "Internet Chess Club"]
[Date "2020.08.07"]
[Round "2"]
[White "janeff1110"]
[Black "pvegesana"]
[Result "0-1"]
[ICCResult "White checkmated"]
[WhiteElo "969"]
[BlackElo "1377"]
[Opening "Sicilian: closed, 2...Nc6"]
[ECO "B23"]
[NIC "SI.44"]
[Time "15:30:22"]
[TimeControl "3600+10"]

1. e4 c5 2. Nc3 Nc6 3. Nf3 e6 4. Bc4 Nf6 5. d3 h6 6. O-O Be7 7. Bf4 O-O 8.
a4 d5 9. exd5 exd5 10. Ba2 Bg4 11. h3 Bh5 12. Re1 d4 13. Nb1 Bd6 14. Bxd6
Qxd6 15. c3 Rfe8 16. g4 Nxg4 17. hxg4 Bxg4 18. Kg2 Qf4 19. Nbd2 Rxe1 20.
Qxe1 Bxf3+ 21. Nxf3 Qg4+ 22. Kh2 Qxf3 23. cxd4 Nxd4 24. Qe3 Qc6 25. Qe7 Ne6
26. Re1 Re8 27. Qh4 Qd6+ 28. Kg1 b6 29. Qc4 Qe7 30. f4 Qh4 31. Re4 Qg3+ 32.
Kf1 Qf3+ 33. Kg1 Qd1+ 34. Kf2 Qd2+ 35. Kg3 Rd8 36. f5 Rxd3+ 37. Kg4 Qg5#
{White checkmated}
0-1

[Event "ICC tourney 1954 (60 10)"]
[Site "Internet Chess Club"]
[Date "2020.08.07"]
[Round "2"]
[White "JKnapp"]
[Black "Yeetamus123"]
[Result "0-1"]
[ICCResult "White checkmated"]
[WhiteElo "773"]
[BlackElo "1094"]
[Opening "Queen's pawn: Chigorin variation"]
[ECO "D00"]
[NIC "QP.08"]
[Time "15:30:58"]
[TimeControl "3600+10"]

1. d4 d5 2. Nc3 Nf6 3. Nf3 c5 4. Bg5 Nc6 5. e3 Bf5 6. Bd3 Ne4 7. Bf4 e6 8.
O-O Be7 9. Re1 O-O 10. Ne2 cxd4 11. exd4 f6 12. Ng3 Bg4 13. Be2 Qe8 14. h3
Nxg3 15. hxg4 Ne4 16. Bd3 f5 17. gxf5 exf5 18. Be5 Nxe5 19. Nxe5 Bd6 20. c3
Rf6 21. f3 Bxe5 22. dxe5 Qxe5 23. fxe4 fxe4 24. Bc2 Raf8 25. Qg4 Rh6 26. g3
Rg6 27. Qh4 Rxg3+ 28. Kh1 Rf6 29. Qxf6 Qxf6 30. Kh2 Qf2+ 31. Kh1 Rh3#
{White checkmated}
0-1

[Event "ICC tourney 1954 (60 10)"]
[Site "Internet Chess Club"]
[Date "2020.08.07"]
[Round "2"]
[White "AnandVinod"]
[Black "BenPaquet"]
[Result "1-0"]
[ICCResult "Black resigns"]
[WhiteElo "1316"]
[BlackElo "883"]
[Opening "Scotch game"]
[ECO "C45"]
[NIC "SO.04"]
[Time "15:30:15"]
[TimeControl "3600+10"]

1. e4 e5 2. Nf3 Nc6 3. d4 exd4 4. Nxd4 Nxd4 5. Qxd4 Nf6 6. e5 Qe7 7. Be3 Ng8
8. Nc3 d6 9. O-O-O Qxe5 10. Qxe5+ dxe5 11. Nb5 Bd6 12. Rxd6 cxd6 13. Nc7+
Kd7 14. Nxa8 b6 15. Bb5+ Kd8 16. Nxb6 axb6 17. Bxb6+ Ke7 18. a4 Nf6 19. Rd1
Bd7 20. Bxd7 Nxd7 21. Bc7 Nf6 22. Bxd6+ Ke6 23. b4 Ne4 24. Bc7 Rc8 25. Ba5
Nxf2 26. Rd8 Rc4 27. Kb2 e4 28. Kb3 Rc6 29. b5 Rc5 30. b6 e3 31. b7
{Black resigns}
1-0

[Event "ICC tourney 1954 (60 10)"]
[Site "Internet Chess Club"]
[Date "2020.08.07"]
[Round "2"]
[White "eevee11"]
[Black "auggie29"]
[Result "1-0"]
[ICCResult "Black checkmated"]
[WhiteElo "712"]
[BlackElo "982"]
[Opening "French: Tarrasch, open, 4.ed ed"]
[ECO "C08"]
[NIC "FR.20"]
[Time "15:31:02"]
[TimeControl "3600+10"]

1. e4 e6 2. d4 d5 3. Nd2 c5 4. exd5 exd5 5. Bb5+ Nc6 6. Ngf3 a6 7. Bd3 Be7
8. dxc5 Bxc5 9. O-O Nf6 10. Re1+ Be7 11. c3 O-O 12. Nb3 Re8 13. Nbd4 Bg4 14.
Qd2 Bd6 15. Nxc6 bxc6 16. Rxe8+ Qxe8 17. Qe3 Qxe3 18. Bxe3 Bxf3 19. gxf3 Re8
20. Bxa6 c5 21. Bd3 Rb8 22. Bc1 c4 23. Bc2 Re8 24. Be3 h6 25. a4 Nd7 26. a5
Ra8 27. a6 Bc5 28. Bxc5 Nxc5 29. Rd1 Rxa6 30. Rxd5 Ne6 31. Kf1 Rb6 32. Ke2
Rxb2 33. Kd2 Rb8 34. Rd6 Rd8 35. Rxd8+ Nxd8 36. Ke3 Nc6 37. Ba4 Ne5 38. Ke4
f6 39. h3 Nd3 40. Ke3 Nb2 41. Bb5 Kf7 42. Kd4 Nd3 43. Bxc4+ Ke7 44. Bxd3 Kd6
45. c4 Kc6 46. c5 g5 47. Be4+ Kc7 48. Kd5 h5 49. c6 g4 50. fxg4 hxg4 51.
hxg4 Kc8 52. Kd6 f5 53. Bxf5+ Kb8 54. c7+ Ka7 55. c8=Q Kb6 56. Qc1 Ka5 57.
Qb1 Ka4 58. Kc5 Ka3 59. Kc4 Ka4 60. Qa1# {Black checkmated} 1-0

[Event "ICC tourney 1954 (60 10)"]
[Site "Internet Chess Club"]
[Date "2020.08.07"]
[Round "2"]
[White "Chai2006"]
[Black "Harper0717"]
[Result "1-0"]
[ICCResult "Black checkmated"]
[WhiteElo "951"]
[BlackElo "1128"]
[Opening "Queen's pawn, Mason variation"]
[ECO "D00"]
[NIC "QP.08"]
[Time "15:31:11"]
[TimeControl "3600+10"]

1. d4 d5 2. Bf4 Nc6 3. Nf3 Nf6 4. Nc3 e6 5. Nb5 Bd6 6. Nxd6+ cxd6 7. e3 O-O
8. Bd3 Re8 9. Nd2 e5 10. dxe5 dxe5 11. Bg3 Qb6 12. Nb3 a5 13. a4 Be6 14. Bb5
Red8 15. Bxc6 bxc6 16. Bxe5 Nd7 17. Bc3 Nc5 18. Qd4 f6 19. Qxc5 Qxc5 20.
Nxc5 Bf5 21. Nb7 Rd7 22. Nxa5 Bxc2 23. Kd2 Be4 24. f3 Bg6 25. Nxc6 Be8 26.
Ke2 Rd6 27. Ne7+ Kf7 28. Nf5 Rda6 29. Rad1 Ke6 30. Nxg7+ Kf7 31. Nxe8 Rxe8
32. Rxd5 Rxa4 33. Rd7+ Ke6 34. Rhd1 Re7 35. R1d6+ Kf7 36. Rxf6+ Ke8 37.
Rxe7+ Kxe7 38. Rh6 Ra8 39. Rxh7+ Kd6 40. e4 Ke6 41. Bd4 Rd8 42. Kd3 Rc8 43.
Rh8 Rc7 44. h4 Rd7 45. h5 Rxd4+ 46. Kxd4 Kf6 47. h6 Kg6 48. h7 Kg7 49. b4
Kxh8 50. b5 Kxh7 51. b6 Kg6 52. b7 Kg5 53. b8=Q Kh4 54. Qg8 Kh5 55. e5 Kh6
56. e6 Kh5 57. e7 Kh6 58. Ke5 Kh5 59. e8=Q+ Kh6 60. Qeg6# {Black checkmated}
1-0

[Event "ICC tourney 1954 (60 10)"]
[Site "Internet Chess Club"]
[Date "2020.08.07"]
[Round "2"]
[White "Aahilvalliani"]
[Black "jhong3"]
[Result "1-0"]
[ICCResult "Black checkmated"]
[WhiteElo "820"]
[BlackElo "942"]
[Opening "Pirc: classical (two knights) system"]
[ECO "B08"]
[NIC "PU.10"]
[Time "15:30:35"]
[TimeControl "3600+10"]

1. d4 d6 2. e4 Nf6 3. Nc3 g6 4. Nf3 Bg7 5. Bd3 O-O 6. O-O Nc6 7. Be3 e5 8.
d5 Ne7 9. Ne2 c6 10. c4 Bg4 11. Nc3 c5 12. Be2 a6 13. h3 Bxf3 14. Bxf3 Qd7
15. Qe2 Rab8 16. b3 b5 17. a3 bxc4 18. bxc4 a5 19. a4 Rb4 20. Nb5 Rb8 21.
Bd2 Rb2 22. Rfb1 Rxb1+ 23. Rxb1 Nc8 24. Bxa5 Na7 25. Qc2 h6 26. Bd2 Nxb5 27.
axb5 Qa7 28. Qc1 h5 29. Ra1 Qc7 30. Be3 Qb7 31. Qd2 Ra8 32. Rxa8+ Qxa8 33.
Bh6 Qa3 34. Bxg7 Kxg7 35. Qe3 Qb4 36. Qe2 Nd7 37. Qa2 Nb6 38. Be2 Qc3 39.
Qa6 Qe1+ 40. Bf1 Nxc4 41. b6 Nxb6 42. Qxb6 Qxe4 43. Qxd6 Qd4 44. Qc6 Kf8 45.
d6 e4 46. d7 Ke7 47. Bb5 e3 48. fxe3 Qxe3+ 49. Kh2 Qf4+ 50. Kg1 Qd4+ 51. Kh1
g5 52. Qc7 g4 53. d8=Q+ Ke6 54. Qxd4 cxd4 55. Qd7+ Ke5 56. Qxf7 gxh3 57.
gxh3 Ke4 58. Qxh5 d3 59. Bxd3+ Kf4 60. Qg4+ Ke5 61. h4 Kf6 62. Qg5+ Kf7 63.
h5 Kf8 64. h6 Kf7 65. Qg7+ Ke8 66. h7 Kd8 67. h8=Q# {Black checkmated} 1-0

[Event "ICC tourney 1954 (60 10)"]
[Site "Internet Chess Club"]
[Date "2020.08.07"]
[Round "2"]
[White "adma2028"]
[Black "kushagra12"]
[Result "1/2-1/2"]
[ICCResult "Game drawn by mutual agreement"]
[WhiteElo "1188"]
[BlackElo "867"]
[Opening "Queen's pawn: London system"]
[ECO "A45"]
[NIC "QP.07"]
[Time "15:30:29"]
[TimeControl "3600+10"]

1. d4 Nf6 2. Bf4 e6 3. e3 d5 4. c4 Nc6 5. Nc3 Bb4 6. cxd5 exd5 7. a3 Bxc3+
8. bxc3 O-O 9. Bb5 Bd7 10. Nf3 Ne4 11. Qc2 a6 12. Bd3 Nf6 13. Ne5 Re8 14.
Nxd7 Qxd7 15. O-O Ne7 16. c4 dxc4 17. Bxc4 Qc6 18. Qb3 Ned5 19. Bxd5 Qxd5
20. Qxd5 Nxd5 21. Bg3 h6 22. Rfe1 c6 23. e4 Nc3 24. f3 Red8 25. Bf2 Nb5 26.
Red1 Nc3 27. Rd2 Nb5 28. a4 Nc7 29. Rad1 Rd7 30. Bg3 Ne6 31. d5 Rad8 32. d6
Kh7 33. Bf2 f6 34. Bb6 Rc8 35. a5 c5 36. g3 Rc6 37. f4 Nd4 38. Kg2 Rdxd6
{Game drawn by mutual agreement}
1/2-1/2

[Event "ICC tourney 1954 (60 10)"]
[Site "Internet Chess Club"]
[Date "2020.08.07"]
[Round "2"]
[White "nirvana2020"]
[Black "Diyor"]
[Result "0-1"]
[ICCResult "White checkmated"]
[WhiteElo "777"]
[BlackElo "1102"]
[Opening "Sicilian"]
[ECO "B50"]
[NIC "SI.01"]
[Time "15:30:02"]
[TimeControl "3600+10"]

1. e4 c5 2. Nf3 d6 3. h3 g6 4. Bc4 Bg7 5. Nc3 Nf6 6. d3 Nc6 7. a3 O-O 8. O-O
a6 9. Bf4 b5 10. Bb3 Bb7 11. Nd5 Nxd5 12. Bxd5 Bxb2 13. Ra2 Bg7 14. Re1 e6
15. Bxc6 Bxc6 16. e5 dxe5 17. Bxe5 Bxe5 18. Rxe5 Bd5 19. Ra1 Qf6 20. Re3 b4
21. axb4 cxb4 22. Ra4 Rfb8 23. Qd2 b3 24. Ne5 b2 25. Rb4 b1=Q+ 26. Rxb1
Rxb1+ 27. Re1 Rxe1+ 28. Qxe1 a5 29. Ng4 Qg7 30. c4 Bc6 31. Ne3 a4 32. Nc2 a3
33. Na1 a2 34. Qd1 Rb8 35. Kh2 Qe5+ 36. g3 Rb1 37. Qxb1 axb1=Q 38. Nb3 Qh1#
{White checkmated}
0-1

[Event "ICC tourney 1954 (60 10)"]
[Site "Internet Chess Club"]
[Date "2020.08.07"]
[Round "2"]
[White "alphablitz"]
[Black "EW2006"]
[Result "0-1"]
[ICCResult "White checkmated"]
[WhiteElo "715"]
[BlackElo "1062"]
[Opening "Philidor's defense"]
[ECO "C41"]
[NIC "KP.10"]
[Time "15:30:10"]
[TimeControl "3600+10"]

1. e4 e5 2. Nf3 d6 3. Bc4 Bg4 4. O-O Nf6 5. h3 Bxf3 6. Qxf3 Qd7 7. Nc3 Nc6
8. d3 Nd4 9. Qd1 Be7 10. Be3 O-O 11. Bxd4 exd4 12. Ne2 c5 13. c3 dxc3 14.
bxc3 a6 15. Rb1 b5 16. Bb3 Ne8 17. d4 c4 18. Bc2 Nc7 19. Re1 d5 20. Ng3 Rab8
21. e5 Ne6 22. Qh5 g6 23. Qg4 Rfd8 24. Qf3 Bh4 25. Kh2 Bxg3+ 26. Qxg3 Ng7
27. Kg1 Nf5 28. Bxf5 Qxf5 29. Rb2 Rd7 30. a3 Rdb7 31. Ra2 a5 32. Raa1 b4 33.
cxb4 axb4 34. axb4 Rxb4 35. Red1 Rb3 36. f3 c3 37. Rdc1 Rb1 38. Qe1 c2 39.
Qc3 Rxa1 40. Rxa1 Rb1+ 41. Rxb1 cxb1=Q+ 42. Kf2 Qbc2+ 43. Qxc2 Qxc2+ 44. Kg3
Qd3 45. Kg4 Qxd4+ 46. f4 h5+ 47. Kh4 Qxf4+ 48. g4 hxg4 49. hxg4 Qxe5 50. g5
d4 51. Kg4 Qf5+ 52. Kg3 d3 53. Kg2 d2 54. Kg3 d1=Q 55. Kh4 Qdg4#
{White checkmated}
0-1

[Event "ICC tourney 1954 (60 10)"]
[Site "Internet Chess Club"]
[Date "2020.08.07"]
[Round "2"]
[White "AF8"]
[Black "viratfan"]
[Result "0-1"]
[ICCResult "White checkmated"]
[WhiteElo "771"]
[BlackElo "326"]
[Opening "Sicilian: Sozin, not Scheveningen"]
[ECO "B57"]
[NIC "SI.48"]
[Time "15:30:04"]
[TimeControl "3600+10"]

1. e4 c5 2. Bc4 Nc6 3. Nc3 Nf6 4. Nf3 d6 5. d4 cxd4 6. Nxd4 a6 7. Bg5 h6 8.
Bh4 e5 9. Nxc6 bxc6 10. O-O Be7 11. Bxf6 Bxf6 12. Qf3 O-O 13. Ne2 Bb7 14.
Ng3 Qd7 15. Rad1 Rfd8 16. Nf5 d5 17. exd5 cxd5 18. Bb3 e4 19. Qh5 Bxb2 20.
c4 d4 21. c5 a5 22. Qg6 d3 23. Nxh6+ Kf8 24. Bxf7 gxh6 25. Bb3 Qg7 26. Qf5+
Qf6 27. Qg4 a4 28. Bc4 Qg7 29. Rfe1 Qxg4 30. h3 Qg5 31. Rb1 e3 32. Rxe3
Qxg2# {White checkmated} 0-1

[Event "ICC tourney 1954 (60 10)"]
[Site "Internet Chess Club"]
[Date "2020.08.07"]
[Round "2"]
[White "ChemStud24"]
[Black "QueeningPawn8"]
[Result "1-0"]
[ICCResult "Black checkmated"]
[WhiteElo "1358"]
[BlackElo "929"]
[Opening "Scandinavian (center counter) defense"]
[ECO "B01"]
[NIC "SD.02"]
[Time "15:30:30"]
[TimeControl "3600+10"]

1. e4 d5 2. exd5 Qxd5 3. Nc3 Qd8 4. d4 Nf6 5. Nf3 Nc6 6. Bf4 Bf5 7. a3 a6 8.
d5 Nb8 9. Nh4 Be4 10. Nxe4 Nxe4 11. Qf3 Nf6 12. O-O-O Nbd7 13. Bc4 b5 14.
Ba2 g6 15. Qg3 Bg7 16. Bxc7 Qc8 17. d6 e6 18. Rhe1 O-O 19. Qh3 Re8 20. f4
Bh6 21. Nxg6 fxg6 22. Qxh6 Ng4 23. Qh4 Ngf6 24. Rxe6 Re7 25. Rxe7+ Kf8 26.
Qh6# {Black checkmated} 1-0

[Event "ICC tourney 1954 (60 10)"]
[Site "Internet Chess Club"]
[Date "2020.08.07"]
[Round "2"]
[White "HKChessTour"]
[Black "Red-Pin"]
[Result "1-0"]
[ICCResult "Black checkmated"]
[WhiteElo "1221"]
[BlackElo "1343"]
[Opening "Sicilian: dragon variation"]
[ECO "B73"]
[NIC "SI.15"]
[Time "15:30:23"]
[TimeControl "3600+10"]

1. e4 c5 2. Nf3 d6 3. d4 cxd4 4. Nxd4 Nf6 5. Nc3 g6 6. Be2 Bg7 7. O-O O-O 8.
Be3 Nc6 9. Nf3 Be6 10. Qd2 d5 11. exd5 Nxd5 12. Nxd5 Bxd5 13. c3 Be6 14. a3
Qc7 15. Bf4 Ne5 16. Qe3 Nxf3+ 17. Bxf3 Qc8 18. Be4 f5 19. Bxb7 Qxb7 20.
Qxe6+ Kh8 21. Be5 Bxe5 22. Qxe5+ Kg8 23. Qe6+ Kg7 24. Rfe1 Rf7 25. Rad1 Qxb2
26. Qd7 Qxc3 27. Rxe7 Rxe7 28. Qxe7+ Kh6 29. h3 Qc4 30. Rd7 Rc8 31. Qxh7+
Kg5 32. h4+ Qxh4 33. Qe7+ Kh5 34. Qxh4+ Kxh4 35. Rxa7 Kg5 36. a4 Kf4 37. a5
g5 38. a6 g4 39. Rb7 Ra8 40. a7 Kg5 41. Kh2 Kh4 42. g3+ Kg5 43. Kg2 f4 44.
gxf4+ Kxf4 45. Rc7 Kg5 46. Kg3 Kf5 47. Kh4 Kf4 48. Rf7+ Ke4 49. Kxg4 Ke5 50.
f3 Ke6 51. Rb7 Kd6 52. f4 Kc6 53. Rg7 Kd6 54. f5 Ke5 55. Kg5 Kd6 56. f6 Ke6
57. f7 Rd8 58. Rg8 Rd5+ 59. Kg6 Kd7 60. f8=Q Rg5+ 61. Kxg5 Kc7 62. Qd6+ Kb7
63. Rb8+ Kxa7 64. Qc7+ Ka6 65. Qb7+ Ka5 66. Qa7# {Black checkmated} 1-0

[Event "ICC tourney 1954 (60 10)"]
[Site "Internet Chess Club"]
[Date "2020.08.07"]
[Round "2"]
[White "WizardY"]
[Black "vedanta07"]
[Result "0-1"]
[ICCResult "White checkmated"]
[WhiteElo "910"]
[BlackElo "1313"]
[Opening "Sicilian: Pelikan (Lasker/Sveshnikov) variation"]
[ECO "B33"]
[NIC "SI.35"]
[Time "15:30:11"]
[TimeControl "3600+10"]

1. e4 c5 2. Nf3 Nc6 3. d4 cxd4 4. Nxd4 Nf6 5. Nc3 e5 6. Ndb5 d6 7. Nd5 Nxd5
8. exd5 Nb8 9. Be2 a6 10. Nc3 Be7 11. O-O O-O 12. Be3 f5 13. f4 exf4 14.
Bxf4 Qb6+ 15. Kh1 Qxb2 16. Na4 Qb4 17. c3 Qa5 18. Be3 Nd7 19. c4 b5 20. cxb5
axb5 21. Nb2 Bf6 22. Bd4 Ne5 23. Nd3 b4 24. Nxe5 dxe5 25. Bf2 Rd8 26. Bc4
Ba6 27. Bxa6 Rxa6 28. Qb3 Qxd5 29. Rad1 Qxb3 30. Rxd8+ Bxd8 31. axb3 f4 32.
Rd1 Bb6 33. Bxb6 Rxb6 34. Re1 Re6 35. Re4 Rd6 36. h3 Rd4 37. Rxe5 Rd3 38.
Re4 Rxb3 39. Rxf4 Rb1+ 40. Kh2 b3 41. Rb4 b2 42. Kg3 Kf7 43. Kf4 Rf1+ 44.
Ke3 b1=Q 45. Rxb1 Rxb1 46. Kf4 Kf6 47. g4 g5+ 48. Kg3 Kg6 49. Kf3 h5 50. Kg3
h4+ 51. Kf3 Rg1 52. Kf2 Rg3 53. Ke2 Kf6 54. Kf2 Ke5 55. Ke2 Ke4 56. Kf2 Rxh3
57. Kg2 Rg3+ 58. Kh2 Ke3 59. Kh1 Rxg4 60. Kh2 Kf3 61. Kh1 Ra4 62. Kh2 Ra1
63. Kh3 Rh1# {White checkmated} 0-1

[Event "ICC tourney 1954 (60 10)"]
[Site "Internet Chess Club"]
[Date "2020.08.07"]
[Round "2"]
[White "boxingguy2469x"]
[Black "ProfP"]
[Result "0-1"]
[ICCResult "White resigns"]
[WhiteElo "975"]
[BlackElo "599"]
[Opening "French: advance, Nimzovich system"]
[ECO "C02"]
[NIC "FR.03"]
[Time "15:30:43"]
[TimeControl "3600+10"]

1. e4 e6 2. d4 d5 3. e5 c5 4. Nf3 Nc6 5. Bb5 Bd7 6. O-O Qb6 7. Ba4 Nge7 8.
Bg5 Nf5 9. dxc5 Bxc5 10. Bb3 h6 11. Bd2 O-O 12. Nc3 Nb4 13. Ba4 Bxa4 14.
Nxa4 Qc6 15. Nxc5 Qxc5 16. Bxb4 Qxb4 17. Rb1 Rad8 18. c3 Qf4 19. Qd2 Qxd2
20. Nxd2 d4 21. Rfd1 b6 22. Nb3 dxc3 23. bxc3 Rxd1+ 24. Rxd1 Rc8 25. Rc1 a5
26. a4 b5 27. axb5 a4 28. Na5 Nd4 29. Rc2 a3 30. c4 Nxc2 31. b6 a2 32. Nb3
Rd8 33. h3 Rd1+ 34. Kh2 a1=Q 35. Nxa1 Rxa1 36. c5 Nd4 {White resigns} 0-1

[Event "ICC tourney 1954 (60 10)"]
[Site "Internet Chess Club"]
[Date "2020.08.07"]
[Round "2"]
[White "lukebugbee"]
[Black "yimaster"]
[Result "0-1"]
[ICCResult "White resigns"]
[WhiteElo "884"]
[BlackElo "1258"]
[Opening "Petrov's defense"]
[ECO "C42"]
[NIC "RG.03"]
[Time "15:31:00"]
[TimeControl "3600+10"]

1. e4 e5 2. Nf3 Nf6 3. Nxe5 Nc6 4. Nf3 Qe7 5. Nc3 Nxe4 6. Nxe4 Qxe4+ 7. Be2
d5 8. O-O Bg4 9. Re1 O-O-O 10. Bb5 Bxf3 11. gxf3 Qg6+ 12. Kf1 Nd4 13. Re3
Nxb5 14. Qe2 Qc6 15. c3 d4 16. Rd3 Bc5 17. a4 Nd6 18. b4 Rhe8 19. Qd1 Qa6
20. b5 Nxb5 21. f4 Nxc3 22. Qf3 Nd5 23. Kg1 Re1+ 24. Kg2 Nxf4+ 25. Qxf4 Qxd3
26. a5 Qf1+ 27. Kg3 Bd6 {White resigns} 0-1

[Event "ICC tourney 1954 (60 10)"]
[Site "Internet Chess Club"]
[Date "2020.08.07"]
[Round "2"]
[White "chessrdu20"]
[Black "ltristam"]
[Result "0-1"]
[ICCResult "White checkmated"]
[WhiteElo "1006"]
[BlackElo "1319"]
[Opening "Sicilian"]
[ECO "B56"]
[NIC "SI.25"]
[Time "15:30:13"]
[TimeControl "3600+10"]

1. e4 c5 2. Nf3 d6 3. d4 cxd4 4. Nxd4 Nf6 5. Nc3 Nc6 6. Nxc6 bxc6 7. Bc4 e5
8. Bg5 Be7 9. Be3 Bb7 10. Bb3 O-O 11. Qd3 a5 12. a3 Ba6 13. Bc4 Bb7 14.
O-O-O Ng4 15. h3 Nxe3 16. Qxe3 Bg5 17. Rhe1 Bxe3+ 18. Rxe3 Ba6 19. Ba2 Rb8
20. Bb3 Kh8 21. Rd2 f5 22. f3 Qg5 23. Re1 Rbd8 24. Rd1 h5 25. Kb1 Rf6 26.
Ba4 Bb7 27. Ka1 Qe3 28. Rd3 Qf4 29. Bb3 Rg6 30. R3d2 Qh2 31. exf5 Rxg2 32.
Rxd6 Rxd6 33. Rxd6 Qxh3 34. Rd8+ Kh7 35. Rd7 Bc8 36. Ra7 Bxf5 37. Rxa5 Qxf3
38. Rxe5 Bxc2 39. Bxc2+ Rxc2 40. Ka2 Rxc3 41. bxc3 h4 42. Re1 Qf2+ 43. Kb3
Qxe1 44. Kc4 h3 45. Kc5 h2 46. c4 h1=Q 47. a4 Qhe4 48. a5 Qxa5+ 49. Kd6
Qee5+ 50. Kd7 Qac7# {White checkmated} 0-1

[Event "ICC tourney 1954 (60 10)"]
[Site "Internet Chess Club"]
[Date "2020.08.07"]
[Round "2"]
[White "MSU8899"]
[Black "srikardesu"]
[Result "1-0"]
[ICCResult "Black checkmated"]
[WhiteElo "920"]
[BlackElo "202"]
[Opening "Queen's pawn: Lundin (Kevitz-Mikenas) defense"]
[ECO "A40"]
[NIC "QO.17"]
[Time "15:31:11"]
[TimeControl "3600+10"]

1. d4 Nc6 2. c4 e5 3. d5 Nb4 4. Nc3 d6 5. Qa4+ Bd7 6. Qxb4 Nf6 7. Qxb7 Be7
8. e4 O-O 9. Nf3 Qb8 10. Qxb8 Raxb8 11. b3 Bg4 12. Be2 Bxf3 13. Bxf3 c5 14.
dxc6 Rbc8 15. Bg5 Rxc6 16. Bxf6 Bxf6 17. Nd5 Re8 18. Rg1 Bg5 19. g3 Bd8 20.
Ke2 Ra6 21. h4 Rc6 22. h5 a5 23. g4 a4 24. g5 h6 25. gxh6 Kh7 26. Rxg7+ Kxh6
27. Rag1 Re6 28. Rg8 Ba5 29. Rh8# {Black checkmated} 1-0

[Event "ICC tourney 1954 (60 10)"]
[Site "Internet Chess Club"]
[Date "2020.08.07"]
[Round "2"]
[White "Yadhunandan"]
[Black "BArkadia"]
[Result "0-1"]
[ICCResult "White checkmated"]
[WhiteElo "872"]
[BlackElo "1216"]
[Opening "Queen's pawn game"]
[ECO "E00"]
[NIC "QP.07"]
[Time "15:30:36"]
[TimeControl "3600+10"]

1. d4 Nf6 2. c4 e6 3. a3 d5 4. Nc3 Be7 5. f3 O-O 6. e3 Nh5 7. e4 dxe4 8.
fxe4 Bh4+ 9. g3 Nxg3 10. hxg3 Bxg3+ 11. Ke2 f5 12. Qd3 Bh4 13. Qh3 fxe4 14.
Qxh4 Qxd4 15. Qxe4 Qf2+ 16. Kd1 Qxf1+ 17. Kc2 Qf2+ 18. Qe2 Qb6 19. Be3 Qc6
20. Rh4 e5 21. b4 Bf5+ 22. Kb2 a5 23. bxa5 Rxa5 24. Qd2 Na6 25. Qf2 Nc5 26.
Bxc5 Rxc5 27. Rf4 exf4 28. Qxf4 Rxc4 29. Qe3 Re8 30. Qf3 Qb6+ 31. Ka2 Rd8
32. Nb1 Rc2# {White checkmated} 0-1

[Event "ICC tourney 1954 (60 10)"]
[Site "Internet Chess Club"]
[Date "2020.08.07"]
[Round "2"]
[White "pillaivar"]
[Black "NNatha"]
[Result "1-0"]
[ICCResult "Black checkmated"]
[WhiteElo "1286"]
[BlackElo "1291"]
[Opening "Pirc: Austrian attack, 6.e5"]
[ECO "B09"]
[NIC "PU.06"]
[Time "15:30:10"]
[TimeControl "3600+10"]

1. e4 d6 2. d4 Nf6 3. Nc3 g6 4. f4 Bg7 5. Nf3 O-O 6. e5 dxe5 7. fxe5 Nfd7 8.
Bc4 e6 9. Be3 c5 10. dxc5 Nxe5 11. Nxe5 Bxe5 12. Qxd8 Rxd8 13. O-O Bd7 14.
Rad1 Nc6 15. Bg5 Bd4+ 16. Kh1 Rdc8 17. Nb5 Bxc5 18. Rxd7 Ne5 19. Rxb7 Nxc4
20. Rfxf7 Ne5 21. Rxh7 Ng4 22. h3 Be3 23. Bxe3 Nxe3 24. Rbg7+ Kf8 25. Rxg6
Rxc2 26. Nc7 Rc1+ 27. Kh2 Nf1+ 28. Kg1 Ne3+ 29. Kf2 Rf1+ 30. Kxe3 Re1+ 31.
Kf2 Re5 32. Nxe6+ Rxe6 33. Rxe6 Kg8 34. Ree7 Rf8+ 35. Kg1 a5 36. Reg7#
{Black checkmated}
1-0

[Event "ICC tourney 1954 (60 10)"]
[Site "Internet Chess Club"]
[Date "2020.08.07"]
[Round "2"]
[White "ronTic"]
[Black "wrongpilot"]
[Result "1-0"]
[ICCResult "Black checkmated"]
[WhiteElo "1183"]
[BlackElo "814"]
[Opening "Giuoco Piano"]
[ECO "C54"]
[NIC "IG.02"]
[Time "15:30:37"]
[TimeControl "3600+10"]

1. e4 e5 2. Nf3 Nc6 3. Bc4 Bc5 4. c3 Nf6 5. d3 d6 6. h3 h6 7. O-O Bd7 8. Re1
O-O 9. d4 exd4 10. cxd4 Bb6 11. Nc3 a6 12. Be3 Ba7 13. e5 dxe5 14. dxe5 Nh7
15. a3 Bxe3 16. Rxe3 Re8 17. Qe2 Be6 18. Bd3 Nd4 19. Nxd4 Qxd4 20. Rd1 Qa7
21. Qc2 Rad8 22. Bxh7+ Kh8 23. Bd3 Qb6 24. Na4 Qc6 25. Qxc6 bxc6 26. Nc5 Bc4
27. b3 Bb5 28. a4 Bxd3 29. Rdxd3 Rxd3 30. Nxd3 Re6 31. Nc5 Re8 32. Nxa6 Rb8
33. Nxc7 Rc8 34. Na6 Kh7 35. Nb4 c5 36. Rc3 Rc7 37. Na6 Rc6 38. Nxc5 Kg6 39.
g4 Rc7 40. b4 Kg5 41. Ne4+ Kf4 42. Rxc7 Kxe4 43. a5 Kd5 44. b5 Kxe5 45. b6
h5 46. gxh5 g6 47. h6 Kf6 48. b7 g5 49. h7 Kg7 50. Rxf7+ Kh8 51. b8=Q#
{Black checkmated}
1-0

[Event "ICC tourney 1954 (60 10)"]
[Site "Internet Chess Club"]
[Date "2020.08.07"]
[Round "2"]
[White "kkjrme"]
[Black "ThatGuyZach1234"]
[Result "0-1"]
[ICCResult "White checkmated"]
[WhiteElo "1132"]
[BlackElo "992"]
[Opening "Modern defense"]
[ECO "A40"]
[NIC "QO.17"]
[Time "15:30:33"]
[TimeControl "3600+10"]

1. d4 g6 2. Bf4 Bg7 3. Nf3 d6 4. e3 Bg4 5. Be2 Nd7 6. O-O e5 7. Bg3 Ne7 8.
h3 Bxf3 9. Bxf3 Nf5 10. Bxb7 Rb8 11. Bd5 O-O 12. c3 Nxg3 13. fxg3 Qg5 14.
Qf3 Rxb2 15. Bxf7+ Kh8 16. h4 Qe7 17. Qd5 Nf6 18. Rxf6 Qxf6 19. Be6 Qf2+ 20.
Kh2 Qe1 21. Qe4 Rf1 22. Kh3 h5 23. Qa8+ Rf8 24. Qe4 Qh1# {White checkmated}
0-1

[Event "ICC tourney 1954 (60 10)"]
[Site "Internet Chess Club"]
[Date "2020.08.07"]
[Round "2"]
[White "DiamondUnicorn"]
[Black "neo898913"]
[Result "1-0"]
[ICCResult "Black resigns"]
[WhiteElo "601"]
[BlackElo "854"]
[Opening "Sicilian"]
[ECO "B50"]
[NIC "SI.01"]
[Time "15:30:06"]
[TimeControl "3600+10"]

1. e4 c5 2. Nf3 d6 3. h3 Nf6 4. Nc3 e6 5. Be2 Be7 6. O-O O-O 7. d3 Nc6 8.
Bd2 a6 9. a3 b5 10. Na2 Bb7 11. Bc3 Qc7 12. Nh2 d5 13. exd5 Nxd5 14. Nf3 f6
15. g3 Bd6 16. Kg2 b4 17. axb4 Ncxb4 18. Bd2 Nc6 19. Rg1 Nce7 20. Kf1 f5 21.
Qc1 e5 22. Nh2 e4 23. c4 Nb6 24. Bf4 Ng6 25. Bxd6 Qxd6 26. Qc2 Rad8 27. Rd1
Rd7 28. dxe4 Bxe4 29. Rxd6 Bxc2 30. Rxb6 f4 31. Rxa6 Ne5 32. Nf3 fxg3 33.
Rxg3 Nxf3 34. Rxf3 Rb8 35. Nc3 Rxb2 36. Ra8+ {Black resigns} 1-0